 Dungeon Crawl Stone Soup version 0.23-a0-344-ge122d05 (webtiles) character file.

65 Garbasso the Ruffian (level 3, 9/29 HPs)
             Began as a Centaur Transmuter on Oct 19, 2018.
             Was an Initiate of Okawaru.
             Quit the game on level 2 of the Dungeon.
             The game lasted 00:07:05 (1756 turns).

Garbasso the Ruffian (Centaur Transmuter)           Turns: 1756, Time: 00:07:06

Health: 9/29       AC:  5    Str: 12    XL:     3   Next: 92%
Magic:  5/5        EV:  9    Int: 13    God:    Okawaru [......]
Gold:   49         SH:  0    Dex:  9    Spells: 2/5 levels left

rFire    . . .     SeeInvis .     - Unarmed
rCold    . . .     Gourm    .   (no shield)
rNeg     . . .     Faith    .   b - +0 robe
rPois    .         Spirit   .   (no helmet)
rElec    .         Reflect  .   (no cloak)
rCorr    .         Harm     .   g - +0 pair of gloves
MR       .....                  (no barding)
Stlth    +.........             (no amulet)
HPRegen  0.09/turn              (no ring)
MPRegen  0.09/turn              (no ring)

@: very quick
A: large, hooves 3, deformed body, speed 2, tough skin 3
a: Renounce Religion


You were on level 2 of the Dungeon.
You worshipped Okawaru.
Okawaru was noncommittal.
You were hungry.

You visited 1 branch of the dungeon, and saw 2 of its levels.

You collected 49 gold pieces.

Inventory:

Missiles
 a - 38 arrows
Armour
 b - a +0 robe (worn)
 g - a +0 pair of gloves (worn)
Scrolls
 c - a scroll of remove curse {unknown}
 e - a scroll of enchant weapon {unknown}
 j - a scroll of magic mapping {unknown}
 m - 5 scrolls of identify {unknown}
Potions
 f - 2 potions of degeneration {unknown}
 h - a potion of berserk rage {unknown}
 k - a potion of brilliance {unknown}
 l - a potion of might {unknown}
Comestibles
 d - 5 rations
 i - a chunk of flesh


   Skills:
 + Level 2.0 Fighting
 - Level 1.3 Dodging
 + Level 3.5 Unarmed Combat
 - Level 1.5 Spellcasting
 * Level 3.0 Transmutations


You had 2 spell levels left.
You knew the following spells:

 Your Spells              Type           Power        Failure   Level  Hunger
a - Beastly Appendage     Tmut           #.....       8%          1    ##.....
b - Sticks to Snakes      Tmut           #.......     12%         2    ###....

Your spell library contained the following spells:

 Spells                   Type           Power        Failure   Level  Hunger
 Spider Form              Tmut/Pois      #.........   41%         3    ####...
 Ice Form                 Ice/Tmut       #.......     82%         4    #####..
 Blade Hands              Tmut           #.........   91%         5    ######.


Dungeon Overview and Level Annotations

Branches:
Dungeon (2/15)

Altars:
Okawaru

Annotations:
D:2 Sigmund


Innate Abilities, Weirdness & Mutations

You have hooves in place of feet.
Armour fits poorly on your strangely shaped body.
You cover ground very quickly.
You have extremely tough skin. (AC +3)


Message History

Sigmund casts a spell.
Sigmund flickers and vanishes!
Deactivating autopickup; reactivate with Ctrl-A.
You hit something.
Your ball python loses its grip on something.
Something hits you.
You hit something. Your kick misses something. The rat bites your ball python.
Your ball python dies!
You hit something but do no damage. Your kick misses something.
You hear some strange, mumbled words.
A magic dart appears from out of thin air!
The magic dart hits you!
You miss something. Your kick misses something. The rat closely misses you.
You hear some strange, mumbled words.
A puff of flame appears from out of thin air!
The puff of flame hits you!
You hit something. Your kick misses something. The rat bites you.
Something hits you!
* * * LOW HITPOINT WARNING * * *
Are you sure you want to abandon this character and quit the game? (Confirm

.###..##### ###.#.........# .#
#..# #...#####.)...# .# #..#
#.#.# ##...## .###..#
#.#.#######.#### ..##..#
#.#.#..........# #.##^.#
#.#.#.###....[....# ......#
#.#.#.# #.#.##.##.###
.####.#######.#.#.###.#.##.##....
.# #...........@........#.######
.# ###########.......#..#.......
.##############..........#..#####
..............###.######.........
#############...............#####
#####.########.## #..........#
############


There were no monsters in sight!

Vanquished Creatures
  An adder (D:2)
  2 oozes
  A worm (D:2)
  2 dart slugs (D:1)
  2 leopard geckos (D:1)
  2 ball pythons
  3 bats
  A giant cockroach (D:1)
  3 goblins
  4 hobgoblins
  5 kobolds
  4 rats
30 creatures vanquished.

Vanquished Creatures (collateral kills)
  A gnoll (D:2)
  2 orcs (D:2)
3 creatures vanquished.

Grand Total: 33 creatures vanquished

Notes
Turn   | Place    | Note
-------+----------+-------------------------------------------
     0 | D:1      | Garbasso the Centaur Transmuter began the quest for the
                  | Orb.
     0 | D:1      | Reached XP level 1. HP: 16/16 MP: 3/3
   612 | D:1      | Reached XP level 2. HP: 21/23 MP: 4/4
   616 | D:1      | Learned a level 2 spell: Sticks to Snakes
  1058 | D:1      | Reached XP level 3. HP: 29/29 MP: 3/5
  1516 | D:2      | Found an iron altar of Okawaru.
  1525 | D:2      | Became a worshipper of Warmaster Okawaru
  1681 | D:2      | Noticed Sigmund
  1756 | D:2      | Quit the game

Vault maps used:
D:1:      dpeg_arrival_stone_temple_mockup
D:2:      okawaru_altar_gauntlet_db, nicolae_ru_path_of_blood, uniq_sigmund

Skill      XL: |  1  2  3 |
---------------+----------+-----
Transmutations | 2 3 |  3.0
Fighting       | 2 |  2.0
Dodging        | |  1.3
Unarmed Combat | |  3.5
Spellcasting   | |  1.5

Action                   || total
-------------------------++-------
Melee: Unarmed           ||   110
       Kick              ||    18
       Headbutt          ||     3
 Cast: Beastly Appendage ||    15
       Sticks to Snakes  ||     5
  Eat: Chunk             ||     2
Armor: Robe              ||    38
Dodge: Dodged            ||    56

Table legend:
 A = Non-vault XP
 B = Vault XP
 C = Vault XP percentage of total XP
 D = Non-vault monster count
 E = Vault monster count
 F = Vault count percentage of total count
                 A         B        C        D         E       F
            +---------+---------+-------+---------+---------+-------
      Total |      77 |      16 |  17.2 |      27 |       6 |  18.2
            +---------+---------+-------+---------+---------+-------
        D:1 |      42 |       0 |   0.0 |      17 |       0 |   0.0
        D:2 |      35 |      16 |  31.4 |      10 |       6 |  37.5
            +---------+---------+-------+---------+---------+-------
